 Dungeon Crawl Stone Soup version 0.30-a0-964-gd452b5e7fa (webtiles) character file.

Game seed: 17708183792402399708

315 vishdafish the Conjurer (level 6, -2/41 HPs)
             Began as a Demonspawn Conjurer on Mar 31, 2023.
             Slain by an orc
             ... wielding a +0 hand axe
              (4 damage)
             ... on level 5 of the Dungeon.
             The game lasted 00:04:24 (3667 turns).

vishdafish the Conjurer (Demonspawn Conjurer)       Turns: 3667, Time: 00:04:25

Health: -2/41      AC:  3    Str:  8    XL:     6   Next: 20%
Magic:  1/12       EV: 12    Int: 21    God:
Gold:   173        SH:  0    Dex: 11    Spells: 4/13 levels left

rFire   . . .      SeeInvis .    o - staff of conjuration
rCold   . . .      Faith    .    (no shield)
rNeg    . . .      Spirit   .    a - +0 robe
rPois   .          Reflect  .    (helmet restricted)
rElec   .          Rampage  .    (no cloak)
rCorr   .                        s - +0 pair of gloves
Will    .....                    (no boots)
Stlth   ++                       (no amulet)
HPRegen 0.26/turn                p - +4 ring of slaying
MPRegen 0.26/turn                (no ring)

@: no status effects
A: antennae 2, powered by death 1, magic regeneration
a: no special abilities


You were on level 5 of the Dungeon.
You visited 2 branches of the dungeon, and saw 6 of its levels.

You collected 173 gold pieces.

Inventory:

Hand Weapons
 k - a +0 dagger of venom
 n - a +2 short sword of speed
Missiles
 u - a throwing net
Armour
 a - a +0 robe (worn)
 s - a +0 pair of gloves (worn)
Magical Staves
 d - a staff of earth
 o - a staff of conjuration (weapon)
Jewellery
 p - a +4 ring of slaying (left hand)
 r - an amulet of guardian spirit
 t - a ring of resist corrosion
Wands
 j - a wand of acid (16)
Scrolls
 b - a scroll of immolation {unknown}
 c - 2 scrolls of identify {unknown}
 g - 2 scrolls of enchant weapon {unknown}
 i - a scroll of amnesia {unknown}
 l - a scroll of noise {unknown}
 q - a scroll of vulnerability {unknown}
Potions
 e - 2 potions of lignification {unknown}
 f - 2 potions of curing
 h - 2 potions of resistance {unknown}
 m - a potion of attraction {unknown}


   Skills:
 - Level 1.7 Dodging
 - Level 1.7 Stealth
 + Level 4.4 Spellcasting
 + Level 6.0 Conjurations


You had 4 spell levels left.
You knew the following spells:

 Your Spells              Type           Power      Damage    Failure   Level
a - Magic Dart            Conj           100%       1d8       1%          1
b - Fulminant Prism       Conj/Hex       13%        3d9       32%         4
c - Iskenderun's Mystic   Conj/Tloc      26%        2d7       32%         4

Your spell library contained the following spells:

 Spells                   Type           Power      Damage    Failure   Level
 Searing Ray              Conj           90%        2d7       1%          2
 Dazzling Flash           Conj/Hex       52%        N/A       10%         3
 Hailstorm                Conj/Ice       26%        3d7       10%         3
 Freeze                   Ice            16%        1d4       12%         1
 Slow                     Hex            16%        N/A       12%         1
 Ensorcelled Hibernation  Hex/Ice        8%         N/A       17%         2
 Lesser Beckoning         Tloc           8%         N/A       17%         2
 Passwall                 Tmut/Erth      3%         N/A       17%         2
 Confusing Touch          Hex            4%         N/A       34%         3
 Frozen Ramparts          Ice            8%         1d2       34%         3
 Gell's Gravitas          Tloc           4%         N/A       34%         3
 Swiftness                Air            4%         N/A       34%         3
 Teleport Other           Tloc           4%         N/A       34%         3
 Vampiric Draining        Necr           4%         2d6       34%         3


Dungeon Overview and Level Annotations

Branches:
Dungeon (5/15)             Temple (1/1) D:4

Altars:
Ashenzari
Cheibriados
Dithmenos
Gozag
Kikubaaqudgha
Wu Jian
Yredelemnul

Shops:
D:4 (


Innate Abilities, Weirdness & Mutations

You have a pair of antennae on your head.
You regenerate a little health from kills.
You regenerate magic rapidly.


Message History

The gnoll barely misses you.
You miss the orc wizard.
The orc wizard is almost dead.
The orc wizard casts a spell at you. The puff of flame hits you!
The gnoll hits you from afar with a +0 halberd!
* * * LOW HITPOINT WARNING * * *
You are too injured to fight recklessly!
Okay, then.
Aiming: Magic Dart (safe; 1% risk of failure)
Press: ? - help, Q - select action, (/) - cycle Shift-Dir - straight line, f/p - orc wizard
Aim: an orc wizard, wielding a +0 dagger and wearing a +0 robe (almost dead, 100% to hit)
You feel a surge of power!
The magic dart hits the orc wizard.
You kill the orc wizard!
The gnoll hits you from afar with a +0 halberd.
* * * LOW HITPOINT WARNING * * *
Your Conjurations skill increases to level 6!
The orc attacks as you move away! The orc misses you.
You feel better. The orc hits you with a +0 hand axe.
* * * LOW HITPOINT WARNING * * *
There is a stone staircase leading down here.
There are monsters nearby!
The orc hits you with a +0 hand axe.
* * * LOW HITPOINT WARNING * * *
You climb downwards.
There is a stone staircase leading up here.
Aiming: Magic Dart (safe; 1% risk of failure)
Press: ? - help, Q - select action, (/) - cycle Shift-Dir - straight line, f - orc
Aim: an orc, wielding a +0 hand axe and wearing a +0 ring mail (100% to hit)
You feel a surge of power!
The magic dart hits the orc.
The orc is moderately wounded.
The orc hits you with a +0 hand axe!
* * * LOW HITPOINT WARNING * * *
Aiming: Magic Dart (safe; 1% risk of failure)
Press: ? - help, Q - select action, (/) - cycle Shift-Dir - straight line, f/p - orc
Aim: an orc, wielding a +0 hand axe and wearing a +0 ring mail (moderately wounded, 100% to hit)
You feel a surge of power!
The magic dart hits the orc.
The orc is severely wounded.
The orc hits you with a +0 hand axe.
You die...

......
.... ....
... #..
#.# .
#.###....
#@o......
#.....##.
#....##
.......
#....###
#...##
....#
....#


You could see an orc.

Vanquished Creatures
  A hound (D:4)
  An orc priest (D:4)
  Ijyb (D:3)
  An orc wizard (D:4)
  5 gnolls
  8 adders
  2 worms (D:2)
  A dart slug (D:1)
  2 orcs
  4 bats
  4 endoplasms
  4 giant cockroaches
  7 goblins
  7 hobgoblins
  4 jackals (D:1)
  5 quokkas
  2 ball pythons
  A frilled lizard (D:2)
  12 kobolds
  11 rats
83 creatures vanquished.

Notes
Turn   | Place    | Note
-------+----------+-------------------------------------------
     0 | D:1      | vishdafish the Demonspawn Conjurer began the quest for the
                  | Orb.
     0 | D:1      | Reached XP level 1. HP: 13/13 MP: 3/3
   143 | D:1      | Gained mutation: You regenerate a little health from kills.
                  | [demonic ancestry]
   143 | D:1      | Reached XP level 2. HP: 15/19 MP: 0/5
   757 | D:1      | Reached XP level 3. HP: 19/24 MP: 1/7
  1677 | D:2      | Identified the +0 scale mail "Paetit" {rPois MP+9}
  1894 | D:2      | Gained mutation: You have a pair of small antennae on your
                  | head. [demonic ancestry]
  1894 | D:2      | Reached XP level 4. HP: 30/30 MP: 8/8
  2330 | D:3      | Noticed Ijyb
  2339 | D:3      | Killed Ijyb
  2340 | D:3      | Reached skill level 5 in Conjurations
  2731 | D:3      | Gained mutation: You have a pair of antennae on your head.
                  | [demonic ancestry]
  2731 | D:3      | Reached XP level 5. HP: 35/35 MP: 3/10
  3320 | D:4      | Found a staircase to the Ecumenical Temple.
  3327 | Temple   | Entered the Ecumenical Temple
  3450 | D:4      | Learned a level 4 spell: Fulminant Prism
  3455 | D:4      | Learned a level 4 spell: Iskenderun's Mystic Blast
  3458 | D:4      | Found Kihihea's Weapon Shop.
  3645 | D:4      | Gained mutation: You regenerate magic rapidly. [demonic
                  | ancestry]
  3645 | D:4      | Reached XP level 6. HP: 41/41 MP: 3/12
  3658 | D:4      | Reached skill level 6 in Conjurations
  3665 | D:5      | Entered Level 5 of the Dungeon
  3666 | D:5      | HP: 1/41 [orc/+0 hand axe (7)]
  3667 | D:5      | Slain by an orc

Illustrated notes

Levels and vault maps discovered:
D:1:      dpeg_arrival_erosion, layout_basic
D:2:      layout_loops_cross, roderic_roman_lattice, kennysheep_minor_cross
D:3:      layout_loops_ring, uniq_ijyb
D:4:      layout_loops_cross, minmay_temple_entry_grid, serial_shops,
          nicolae_stop_n_shop_1
D:5:      layout_rooms, uniq_edmund
Temple:   nicolae_temple_two_arcs

Skill      XL: |  1  2  3  4  5  6 |
---------------+-------------------+-----
Spellcasting   | 3 4 |  4.4
Conjurations   | 5 6 |  6.0
Dodging        | |  1.7
Stealth        | |  1.7

Action                     |  1- 3 |  4- 6 || total
---------------------------+-------+-------++-------
  Melee: Unarmed           |    19 |       ||    19
         Staff             |    31 |    33 ||    64
         Punch             |     1 |       ||     1
         Short sword       |     4 |     8 ||    12
         Dagger            |     4 |       ||     4
   Cast: Magic Dart        |    73 |    92 ||   165
    Use: Potion            |     2 |     2 ||     4
   Stab: Sleeping          |     1 |     3 ||     4
 Armour: Robe              |    13 |    12 ||    25
  Dodge: Dodged            |    53 |    38 ||    91

Table legend: (Time is in decaauts)
 A = Elapsed time spent in this place.
 B = Non-inter-level travel time spent in this place.
 C = Inter-level travel time spent in this place.
 D = Time resting spent in this place.
 E = Time spent auto-exploring this place.
 F = Levels seen in this place.
 G = Mean time per level.
                   A        B        C        D        E       F      G
               +--------+--------+--------+--------+--------+-----+--------+
         Total |   3671 |   3559 |    112 |      0 |   3033 |   6 |  611.8 |
       Dungeon |   3555 |   3449 |    106 |      0 |   2927 |   5 |  711.0 |
        Temple |    116 |    110 |      6 |      0 |    106 |   1 |  116.0 |
               +--------+--------+--------+--------+--------+-----+--------+

Top non-repeatable levels by time:
     D:1: 1102 daAuts
     D:2: 1058 daAuts
     D:3: 1000 daAuts
     D:4: 391 daAuts
  Temple: 116 daAuts
     D:5: 1 daAuts
